 Dungeon Crawl Stone Soup version 0.21-a0-210-gbfa5647 (webtiles) character file.

2576 namelastname112 the Scholar of Death (level 9, -3/82 HPs)
             Began as a Deep Dwarf Necromancer on Aug 22, 2017.
             Was a Follower of Kikubaaqudgha.
             Slain by a two-headed ogre
             ... wielding a +0 great mace
              (25 damage)
             ... on level 8 of the Dungeon.
             The game lasted 00:19:20 (7319 turns).

namelastname112 the Scholar of Death (DDNe)         Turns: 7319, Time: 00:19:20

Health: -3/82      AC:  5    Str: 14    XL:     9   Next: 32%
Magic:  7/17       EV: 16    Int: 18    God:    Kikubaaqudgha [*.....]
Gold:   296        SH:  0    Dex: 14    Spells: 10/19 levels left

rFire    . . .     SeeInvis .   r - +3 dagger (elec)
rCold    . . .     Gourm    .   (no shield)
rNeg     . . .     Faith    .   C - +0 robe {Archmagi}
rPois    .         Spirit   .   (helmet restricted)
rElec    .         Reflect  .   w - +2 cloak
rCorr    .         Harm     .   (no gloves)
MR       +....                  (no boots)
Stlth    +++.......             (no amulet)
HPRegen  0.00/turn              o - +1 ring of slaying
MPRegen  0.15/turn              y - ring of stealth

@: non-regenerating
A: damage resistance, heal wounds, antennae 1, mutation resistance 1, sense
surroundings 2, strong 1, no regeneration
a: Heal Wounds, Receive Corpses, Renounce Religion


You were on level 8 of the Dungeon.
You worshipped Kikubaaqudgha.
Kikubaaqudgha was aware of your devotion.
You were not hungry.

You visited 2 branches of the dungeon, and saw 9 of its levels.

You collected 296 gold pieces.

Inventory:

Hand Weapons
 h - a +1 dagger of venom
 r - a +3 dagger of electrocution (weapon)
 v - a +4 quarterstaff of chaos
 z - a +1 hand axe of chopping
Armour
 t - a cursed +0 buckler
 w - a +2 cloak (worn)
 C - a +0 robe of the Archmagi (worn)
Jewellery
 o - a +1 ring of slaying (left hand)
 y - a ring of stealth (right hand)
Wands
 e - a wand of random effects (6/48)
 B - a wand of flame (24/48)
Scrolls
 d - 2 scrolls of remove curse
 f - 3 scrolls of identify
 j - a scroll of random uselessness {unknown}
 l - a scroll of vulnerability {unknown}
 n - 2 scrolls of teleportation
 s - 2 scrolls of enchant armour
 A - a scroll of blinking
Potions
 a - a potion of might
 i - 3 potions of flight
 k - a potion of resistance
 m - 2 potions of haste
 u - a potion of agility
 D - a potion of brilliance {unknown}
Books
 b - a book of Necromancy

   Spells                             Type                      Level
   a - Pain                           Necromancy                   1
   b - Animate Skeleton               Necromancy                   1
   c - Vampiric Draining              Necromancy                   3
   d - Regeneration                   Charms/Necromancy            3
   e - Animate Dead                   Necromancy                   4
   f - Control Undead                 Necromancy                   4
 q - Kikubaaqudgha's Incunabulum of Dark Magic
   (Kikubaaqudgha gifted it to you on level 8 of the Dungeon)

   Spells                             Type                      Level
   a - Pain                           Necromancy                   1
   b - Corpse Rot                     Necromancy                   2
   c - Sublimation of Blood           Necromancy                   2
   d - Vampiric Draining              Necromancy                   3
   e - Control Undead                 Necromancy                   4
 x - a book of Callings

   Spells                             Type                      Level
   a - Summon Small Mammal            Summoning                    1
   b - Call Imp                       Summoning                    2
   c - Call Canine Familiar           Summoning                    3
   d - Summon Guardian Golem          Hexes/Summoning              3
   e - Summon Lightning Spire         Summoning/Air                4
   f - Summon Ice Beast               Ice/Summoning                4
Comestibles
 c - 7 bread rations
 g - 9 royal jellies
 p - 8 fruits
 E - 2 chunks of flesh


   Skills:
 + Level 5.7 Fighting
 + Level 7.1 Dodging
 - Level 2.4 Stealth
 + Level 5.6 Spellcasting
 + Level 8.3 Necromancy


You had 10 spell levels left.
You knew the following spells:

 Your Spells              Type           Power        Failure   Level  Hunger
a - Animate Skeleton      Necr           N/A          1%          1    None
b - Animate Dead          Necr           N/A          4%          4    ####...
x - Vampiric Draining     Necr           ######....   1%          3    ##.....
z - Pain                  Necr           ####         1%          1    None


Dungeon Overview and Level Annotations

Branches:
Dungeon (8/15)             Temple (1/1) D:6            Lair (0/6) D:8

Altars:
Ashenzari
Cheibriados
Dithmenos
Elyvilon
Fedhas
Gozag
Hepliaklqana
Kikubaaqudgha
Makhleb
Nemelex Xobeh
Okawaru
Qazlal
Ru
Sif Muna
Trog
Uskayaw
Vehumet
Wu Jian
Xom
Yredelemnul
Zin
The Shining One

Shops:
D:5 *}*   D:6 !}

Annotations:
D:3 Purgy


Innate Abilities, Weirdness & Mutations

You are resistant to damage.
You can heal yourself by infusing magical energy.
You passively map the area around you.
You do not regenerate.
You have a pair of small antennae on your head.
You are somewhat resistant to further mutation.
Your muscles are strong. (Str +2)


Message History

You feel a surge of power!
The two-headed ogre is moderately wounded.
You feel life coursing into your body.
The two-headed ogre hits you with a great mace!!
The two-headed ogre hits you with a giant spiked club!
Your quokka skeleton bites the two-headed ogre but does no damage.
You take 34 damage, and have 29/82 hp.
MASSIVE DAMAGE!!
You now have 10/17 mp.
Casting: Vampiric Draining
Confirm with . or Enter, or press ? or * to list all spells.
Aiming: Vampiric Draining
Press: ? - help, Shift-Dir - straight line, f/p - two-headed ogre
Aim: a two-headed ogre, wielding a great mace and a giant spiked club (moderately wounded)
You feel a surge of power!
The two-headed ogre is heavily wounded.
You feel life coursing into your body.
The two-headed ogre hits you with a great mace!
* * * LOW HITPOINT WARNING * * *
The two-headed ogre hits you with a giant spiked club!!
You die...
Kikubaaqudgha rasps: "You have failed me!
Welcome... death!"

*, #.....###.#
*,* ,* *
,#.....# #.# .#
* * * ,#.....#
#.## .# * * ,*
,#.....#
#..##.#.# * * *
,#.....#
##.##.#.. ,,,
#....O#
#..#.#.#* ,
,#...{Z#
##.#.#.# * ,
#.###O# #...#.#
, , #. #@#
##..#.# * #
##.### #..#.#
,, ,
#....#####.#.#
*, * *,
#....##......#
* , ,
#....##.###..#
* * **
*#....+..###..#
#....#......>#
, , * **
#....#.#######
* * ,
#...........#


You could see a two-headed ogre, an ogre and a friendly quokka skeleton.

Vanquished Creatures
  A hippogriff (D:8)
  A hungry ghost (D:8)
  Edmund (D:6)
  Duvessa (D:6)
  A water moccasin (D:7)
  An ice beast (D:7)
  2 orc warriors
  An ogre (D:5)
  3 centaurs
  Blork the orc (D:4)
  A bullfrog (D:6)
  A gnoll sergeant (D:5)
  Dowan (D:6)
  A scorpion (D:7)
  A howler monkey (D:4)
  A crimson imp (D:8)
  3 hounds
  A bullfrog zombie (D:6)
  A jelly (D:6)
  Crazy Yiuf (D:3)
  7 orc priests
  A centaur skeleton (D:7)
  4 orc wizards
  A bullfrog skeleton (D:7)
  Jessica (D:3)
  Terence (D:2)
  An iguana (D:6)
  5 worker ants
  A hound zombie (D:6)
  3 gnolls
  9 adders
  A shadow imp (D:6)
  2 adder skeletons
  2 worms
  A dart slug (D:2)
  2 leopard geckos
  23 orcs
  5 giant cockroaches
  9 hobgoblins
  11 jackals
  8 kobolds
  5 quokkas
  2 ball pythons
  5 bats
  4 frilled lizards
  6 goblins
  A leopard gecko zombie (D:8)
  A quokka zombie (D:5)
  9 rats
156 creatures vanquished.

Vanquished Creatures (collateral kills)
  A gnoll (D:5)
  2 orcs (D:6)
  A hobgoblin (D:3)
  2 jackals (D:6)
  A kobold (D:3)
7 creatures vanquished.

Grand Total: 163 creatures vanquished

Notes
Turn   | Place    | Note
-------+----------+-------------------------------------------
     0 | D:1      | namelastname112 the Deep Dwarf Necromancer began the quest for the Orb.
     0 | D:1      | Reached XP level 1. HP: 15/15 MP: 3/3
     2 | D:1      | epen: клёво наверное не хилиться
    17 | D:1      | Learned a level 1 spell: Animate Skeleton
    21 | D:1      | epen: ну блять
    21 | D:1      | namelastname112: пиздец
    29 | D:1      | epen: не регениться
    37 | D:1      | epen: я об этом
   151 | D:1      | epen: короче
   200 | D:1      | epen: я понял где я проёбываю много ходов
   203 | D:1      | Reached XP level 2. HP: 19/24 MP: 2/4
   209 | D:1      | epen: я собираю всякое говно
   244 | D:1      | epen: когда оно мне уже нахуй не нужно
   386 | D:1      | Reached skill level 1 in Fighting
   457 | D:1      | epen: золото всякое
   518 | D:1      | epen: и т.п.
   763 | D:2      | epen: абилу-то жми
   913 | D:2      | Reached XP level 3. HP: 5/31 MP: 6/6
   919 | D:2      | Learned a level 3 spell: Vampiric Draining
  1226 | D:2      | epen: умрёшь же
  1246 | D:2      | Noticed Terence
  1278 | D:2      | Killed Terence
  1359 | D:2      | namelastname112: хуй блять
  1359 | D:2      | namelastname112: шейвинг
  1359 | D:2      | namelastname112: епты
  1467 | D:2      | Reached XP level 4. HP: 24/39 MP: 0/7
  1642 | D:3      | Noticed Purgy
  1700 | D:3      | Noticed Jessica
  1706 | D:3      | Killed Jessica
  1706 | D:3      | Reached skill level 5 in Necromancy
  2476 | D:3      | Found a hazy altar of Hepliaklqana.
  2512 | D:3      | Noticed a centaur
  2528 | D:3      | epen: Во
  2536 | D:3      | epen: чат в телефоне открыл
  2536 | D:3      | Killed a centaur
  2536 | D:3      | Reached XP level 5. HP: 22/46 MP: 4/9
  2549 | D:3      | epen: удобно
  2567 | D:3      | namelastname112: лол
  2567 | D:3      | namelastname112: все видно?
  2622 | D:3      | epen: ну
  2762 | D:3      | epen: на ноуте игра
  2780 | D:3      | Found a shimmering altar of Xom.
  2780 | D:3      | Found a deep blue altar of Sif Muna.
  2848 | D:3      | Found a runed door.
  2852 | D:3      | Noticed Crazy Yiuf
  2857 | D:3      | Killed Crazy Yiuf
  2860 | D:3      | epen: просто чет лень до клавы руки тянутт
  2913 | D:4      | Noticed Blork the orc
  2958 | D:3      | epen: Сука
  3034 | D:3      | Reached XP level 6. HP: 40/55 MP: 3/10
  3160 | D:3      | epen: как же я охуел с томбы
  3167 | D:4      | epen: это пиздец
  3181 | D:4      | Killed Blork the orc
  3333 | D:4      | epen: алсо
  3494 | D:4      | Found a burning altar of Makhleb.
  3494 | D:4      | Noticed a balrug
  3527 | D:4      | epen: играя за сумонера драгон кал ОП?
  3601 | D:4      | namelastname112: да
  3601 | D:4      | namelastname112: он пиздец ебанутый
  3601 | D:4      | namelastname112: да бля
  3601 | D:4      | namelastname112: все лейтовые суммоны ебнутые
  3604 | D:4      | Found a blossoming altar of Fedhas.
  3707 | D:4      | epen: а че там еще?
  3709 | D:4      | epen: сумон гидра?
  3709 | D:4      | namelastname112: ??malign gateway
  3709 | D:4      | beem: malign gateway[1/7]: Summons a portal through which an eldritch tentacle emerges. Depending on spell power, it will be friendly for a number of turns, before turning hostile or the portal closes and it is severed and starts thrashing (turns neutral attacking whatever is near it but not seeking to attack anything), whichever happens first. Level 7 Summ/Tloc in the Grand Grimoire.
  3709 | D:4      | namelastname112: ??XXX
  3709 | D:4      | beem: summon horrible things[1/1]: Level 8 summoning spell, produces large abominations and tentacled monstrosities. Has a 1/5 chance to drain intelligence by 1. Tentacled monstrosites and abominations have separate summons caps. Affectionately known as XXX. Does not drain intelligence when cast by Xom.
  3709 | D:4      | namelastname112: ??haunt
  3709 | D:4      | beem: haunt[1/2]: (L7 summ/necr): Summons 2-6 wraiths and undead "ghost" type monsters around the target. Smite-targeted, but only castable on a monster. In 0.16 and earlier caused sickness when cast unless you worship Kikubaaqudgha and pass a piety-in-200 check.
  3709 | D:4      | namelastname112: ??summon greater demon
  3709 | D:4      | beem: summon greater demon[1/1]: Summons a 1 or 2, the mightiest classes of demonry. Chance of summoning a hostile demon is 6/power. Even if originally friendly, a 1 summoned by this spell will turn hostile shortly before timing out. Level 7.
  3709 | D:4      | namelastname112: ??monstrous menagerie
  3709 | D:4      | beem: monstrous menagerie[1/1]: L7 summoning spell (L6 in 0.17) which summons either a manticore, lindwurm, harpy (multiples at higher power), or a sphinx (much rarer except at high power).
  3711 | D:4      | epen: сумон гейзеров
  3717 | D:4      | epen: о
  3729 | D:4      | epen: пей
  3729 | D:4      | Gained mutation: Your muscles are strong. (Str +2) [potion of mutation]
  3729 | D:4      | Gained mutation: You are somewhat resistant to further mutation. [potion of mutation]
  3729 | D:4      | Gained mutation: You have a pair of small antennae on your head. [potion of mutation]
  3730 | D:4      | epen: сука
  3731 | D:5      | Entered Level 5 of the Dungeon
  3732 | D:5      | epen: пец
  3736 | D:5      | epen: пей
  3752 | D:5      | epen: давай
  3758 | D:5      | namelastname112: да я выпил
  3758 | D:5      | namelastname112: заебал
  3764 | D:5      | Learned a level 4 spell: Animate Dead
  3764 | D:5      | epen: и че там?
  3773 | D:5      | epen: мммм
  3792 | D:5      | epen: рмут
  3850 | D:5      | epen: мне бы такой
  3850 | D:5      | Found Kesoe's Gadget Shoppe.
  3861 | D:5      | epen: с мнолегом
  3862 | D:5      | Reached skill level 6 in Necromancy
  3940 | D:5      | epen: алсо
  3976 | D:5      | epen: лом так и не явился
  3993 | D:5      | Reached XP level 7. HP: 55/62 MP: 10/12
  4074 | D:5      | Found Uriol's General Store.
  4077 | D:5      | epen: зассал
  4155 | D:5      | Found Emehi's Elemental Accessories.
  4160 | D:5      | epen: в пвп хилиться еще начал
  4170 | D:5      | epen: пиздец
  4325 | D:6      | Found a radiant altar of Vehumet.
  4326 | D:6      | Noticed Duvessa
  4327 | D:6      | Noticed Dowan
  4337 | D:6      | epen: никакой дуэльной этики
  4337 | D:6      | Killed Duvessa
  4337 | D:6      | Reached skill level 5 in Dodging
  4349 | D:6      | epen: лпдно еще мнолег
  4349 | D:6      | Killed Dowan
  4356 | D:6      | epen: он ебанутый
  4448 | D:6      | Found a staircase to the Ecumenical Temple.
  4461 | D:6      | epen: на голове ходит
  4465 | Temple   | Entered the Ecumenical Temple
  4502 | Temple   | epen: но блять гритер маг
  4506 | Temple   | namelastname112: блять
  4506 | Temple   | epen: о
  4506 | Temple   | namelastname112: все кроме нуженого
  4516 | Temple   | epen: кику нет
  4560 | Temple   | epen: лол
  4560 | Temple   | Became a worshipper of Kikubaaqudgha
  4608 | D:6      | epen: ну ты и оьосрался знатно
  4700 | D:6      | Found Oxan's Gadget Emporium.
  4829 | D:6      | epen: ??famoust mistake
  4831 | D:6      | beem: I don't have a page labeled famoust_mistake in my learndb.
  4837 | D:6      | Reached XP level 8. HP: 41/72 MP: 4/14
  4887 | D:6      | Noticed Edmund
  4894 | D:6      | epen: ??famoust_word
  4894 | D:6      | beem: I don't have a page labeled famoust_word in my learndb.
  4911 | D:6      | Found Ruel Vugh's Distillery.
  4912 | D:6      | epen: Сука
  4914 | D:6      | epen: бим
  4916 | D:6      | epen: ??help
  4921 | D:6      | beem: help[1/5]: !help (I need somebody) !help (not just anybody) Try https://github.com/crawl/sequell/blob/master/docs/listgame.md or https://github.com/crawl/sequell/blob/master/docs/learndb.md
  4930 | D:6      | Killed Edmund
  4930 | D:6      | Reached skill level 7 in Necromancy
  5014 | D:6      | namelastname112: лол
  5014 | D:6      | namelastname112: ??famous last words
  5014 | D:6      | beem: famous last words[1/31]: according to the wiki
  5014 | D:6      | namelastname112: это?
  5038 | D:6      | epen: Типа того
  5163 | D:6      | epen: я хотел глянуть типа
  5325 | D:6      | epen: самые частые ошибки
  5338 | D:6      | epen: или типа того
  5526 | D:6      | epen: ??naga reason
  5526 | D:6      | beem: naga reason ~ naga reasons[1/4]: Poison resistance, spitting venom, automatic AC gain through leveling up, decent weapon skills, nifty message for kneeling at altars
  5587 | D:7      | You fall through a shaft!
  5598 | D:8      | Found a staircase to the Lair.
  5630 | D:8      | epen: ??naga reason [2
  5630 | D:8      | beem: naga reason ~ naga reasons[2/4]: You get lots of tail.
  5643 | D:8      | Reached * piety under Kikubaaqudgha
  5643 | D:8      | Identified Kikubaaqudgha's Incunabulum of Dark Magic (Kikubaaqudgha gifted it to you on level 8 of the Dungeon)
  5643 | D:8      | Received a gift from Kikubaaqudgha
  5699 | D:8      | epen: а чё ты абилу не юзаешь?
  5789 | D:8      | Noticed a hippogriff
  5927 | D:7      | You fall through a shaft!
  5928 | D:8      | namelastname112: вы че нахуй
  5928 | D:8      | namelastname112: смеетесь
  5931 | D:8      | epen: ??naga reason [3
  5932 | D:8      | beem: naga reason ~ naga reasons[3/4]: You're one of those players that wants kiting removed from crawl.
  5950 | D:8      | epen: ??naga reason [4
  5951 | D:8      | beem: naga reason ~ naga reasons[4/4]: http://i.imgur.com/DYKRSw1.jpg
  5975 | D:8      | Reached skill level 5 in Spellcasting
  5981 | D:8      | epen: лол сука
  5989 | D:8      | Killed a hippogriff
  5989 | D:8      | Reached skill level 5 in Fighting
  6042 | D:8      | epen: ??dwarf reason
  6044 | D:8      | beem: 36 kills by leszczynek's ghost: 2x tstbtto, Etesian, kaze, Yermak, Squibie, RedPan, MrRokkomies, Ijustatesigmund, Leszczynek, Kenran, ontamu, temujin, P0WERM0DE, Bubnilka, Reinor, Slobodan, inmateoo, phazedk, Thraspic, Tarnath, comborobin, Psaro, vible, Leibowitz, Arkorax, BorisBritva, WhatIsLove, drasked, murphy, Gorice, Nordron, epen, Tyryt0, nubinia, Amnesiac
  6044 | D:8      | beem: I don't have a page labeled dwarf_reason in my learndb.
  6128 | D:8      | epen: чё
  6128 | D:8      | Gained mutation: You passively map the area around you. [Deep Dwarf growth]
  6128 | D:8      | Reached XP level 9. HP: 24/81 MP: 16/16
  6168 | D:7      | epen: бим сломался
  6168 | D:7      | namelastname112: ??dd reasons
  6168 | D:7      | beem: 36 kills by Leszczynek's ghost: 2x tstbtto, Etesian, kaze, Yermak, Squibie, RedPan, MrRokkomies, Ijustatesigmund, Leszczynek, Kenran, ontamu, temujin, P0WERM0DE, Bubnilka, Reinor, Slobodan, inmateoo, phazedk, Thraspic, Tarnath, comborobin, Psaro, vible, Leibowitz, Arkorax, BorisBritva, WhatIsLove, drasked, murphy, Gorice, Nordron, epen, Tyryt0, nubinia, Amnesiac
  6168 | D:7      | beem: deep dwarf reasons[1/1]: You feel that resting is boring, unnecessary, and should be removed from the game.
  6181 | D:7      | Reached skill level 8 in Necromancy
  6373 | D:7      | epen: а нахуй он гкилс выдаёт?
  6675 | D:7      | epen: ??gkills namelastname112
  6676 | D:7      | beem: I don't have a page labeled gkills_namelastname112 in my learndb.
  6768 | D:7      | epen: !gkills namelastname112
  6770 | D:7      | beem: 221 kills by namelastname112's ghost: 42x namelastname112, 4x Reinor, 3x Lathuz, 3x Uhlv, 3x George, 3x ololoev, 3x Duffy, 3x Viceroy, 3x Azzok, 3x FIQ, 3x crauler, 3x Gagarin, 2x wvc, 2x hornqvist, 2x Slowdrip, 2x Zhenya25pyc, 2x kae, 2x Viilla, 2x sKa, 2x PeterLawrence, 2x Lovchig, 2x Ratboiler, dngmouse, ReniFell, cada, davidgn, Trafet, natiam, ConnectionFaild, Chiseanne, Amnesiac, syage, Zig...
  6770 | D:7      | p0werm0de: !gkills
  6770 | D:7      | beem: 179 kills by p0werm0de's ghost: 40x P0WERM0DE, 3x Reinor, 3x 4thArraOfDagon, 3x Arkorax, 2x tstbtto, 2x OmG, 2x flinch, 2x Rationalist, 2x Banto, 2x namelastname112, 2x Kloppie, 2x benitares, 2x subsebi, 2x Zigma, 2x WhatIsLove, 2x Frontstab, 2x Yendor, 2x Philosophy, 2x CcS, 2x futacatgirl, 2x runewalsh, 2x emikaela, Armakuni, TotoDurand, matakusis, Avanven, jedvagenij, FIQ, Quirk, Celandrion, ...
  7269 | D:8      | p0werm0de: 3x ololev nice
  7283 | D:8      | p0werm0de: ;D
  7300 | D:8      | Noticed a two-headed ogre
  7319 | D:8      | Slain by a two-headed ogre

Vault maps used:
D:1:      lordsloth_arrival_two_stooges
D:2:      first_bread, uniq_terence
D:3:      lemuel_doored_altar, gammafunk_temple_overflow_wave, uniq_jessica,
          uniq_purgy, uniq_crazy_yiuf_cottage
D:4:      makhleb_altar_promises_db, fedhas_altar_fruit_tree, uniq_blork_the_orc
D:5:      serial_shops, shop, kennysheep_mini, nicolae_elemental_shop
D:6:      vehumet_altar_wand_db, minmay_temple_entry_mist, serial_shops,
          kennysheep_mini_moat, nicolae_shop_temple_entry_statues_fountains,
          uniq_edmund, uniq_duvessa
D:8:      minmay_lair_entry_lava
Temple:   compressed_dpeg_circular_temple

Skill      XL: |  1  2  3  4  5  6  7  8  9 |
---------------+----------------------------+-----
Fighting       | 1 2 3 4 5 |  5.7
Spellcasting   | 2 3 4 5 |  5.6
Dodging        | 3 4 5 6 7 |  7.1
Necromancy     | 5 6 7 8 |  8.3
Stealth        | |  2.4

Action                   |  1- 3 |  4- 6 |  7- 9 || total
-------------------------+-------+-------+-------++-------
Melee: Dagger            |    56 |   102 |   151 ||   309
 Cast: Pain              |     8 |       |       ||     8
       Animate Skeleton  |    10 |    12 |    20 ||    42
       Vampiric Draining |     8 |    34 |    67 ||   109
       Animate Dead      |       |     1 |     2 ||     3
Evoke: Wand              |       |     2 |     8 ||    10
  Use: Potion            |     2 |     3 |     1 ||     6
       Scroll            |       |    11 |     5 ||    16
 Stab: Sleeping          |     4 |     5 |     5 ||    14
       Distracted        |       |       |     1 ||     1
  Eat: Chunk             |     3 |    12 |    14 ||    29
       Royal jelly       |       |       |     1 ||     1
Armor: Robe              |     3 |    23 |    29 ||    55
       Skin              |       |       |    45 ||    45
Dodge: Dodged            |    33 |   102 |   133 ||   268

Table legend:
 A = Spawn XP
 B = Non-spawn XP
 C = Spawn XP percentage of total XP
 D = Spawn monster count
 E = Non-spawn monster count
 F = Spawn count percentage of total count
 G = Total turns spent on level
                    A         B        C        D         E        F      G
               +---------+---------+-------+---------+---------+-------+---------
         Total |     228 |    3453 |   6.2 |       8 |     155 |   4.9 |  7319
               +---------+---------+-------+---------+---------+-------+---------
           D:1 |       0 |      26 |   0.0 |       0 |      18 |   0.0 |   564
           D:2 |       3 |      73 |   3.9 |       3 |      15 |  16.7 |  1066
           D:3 |       4 |     305 |   1.3 |       2 |      28 |   6.7 |  1530
           D:4 |       0 |     218 |   0.0 |       0 |      10 |   0.0 |   571
           D:5 |      97 |     260 |  27.2 |       1 |      26 |   3.7 |   588
           D:6 |      14 |    1005 |   1.4 |       1 |      23 |   4.2 |  1140
           D:7 |     110 |     661 |  14.3 |       1 |      18 |   5.3 |  1194
           D:8 |       0 |     905 |   0.0 |       0 |      17 |   0.0 |   579
               +---------+---------+-------+---------+---------+-------+---------
